 Dungeon Crawl Stone Soup version 0.20.0-15-g7f486f2 (webtiles) character file.

386 Monsterracer the Insei (level 6, -4/29 HPs)
             Began as a Vine Stalker Transmuter on June 17, 2017.
             Killed from afar by Merlin's ghost (9 damage)
             ... with a puff of flame
             ... on level 3 of the Dungeon.
             The game lasted 00:09:53 (3045 turns).

Monsterracer the Insei (Vine Stalker Transmuter)    Turns: 3045, Time: 00:09:54

Health: -4/29      AC:  2    Str: 12    XL:     6   Next: 78%
Magic:  0/10       EV: 12    Int: 15    God:
Gold:   163        SH:  0    Dex: 15    Spells: 3/9 levels left

rFire    . . .     SeeInvis .     - Unarmed
rCold    . . .     Gourm    .   (no shield)
rNeg     . . .     Faith    .   b - +0 robe
rPois    .         Spirit   +   (no helmet)
rElec    .         Reflect  .   (no cloak)
rCorr    .         Harm     .   (no gloves)
MR       .....                  (no boots)
Stlth    +.........             (no amulet)
Regen    0.5/turn               (no ring)
MPRegen  0.2/turn               (no ring)

@: lethally poisoned (-4 -> -4)
A: fangs 2, regeneration 1, magic shield, antimagic bite, no potion heal 3, rot
immunity
a: no special abilities


You were on level 3 of the Dungeon.
You were not hungry.

You visited 1 branch of the dungeon, and saw 3 of its levels.

You collected 163 gold pieces.

Inventory:

Missiles
 a - 69 arrows
Armour
 b - a +0 robe (worn)
 h - a cursed +0 leather armour
Scrolls
 e - 4 scrolls of identify {unknown}
 f - a scroll of remove curse {unknown}
 g - a scroll of amnesia {unknown}
 i - a scroll of magic mapping {unknown}
 j - a scroll of teleportation {unknown}
 l - a scroll of fear {unknown}
 o - a scroll of fog {unknown}
Potions
 p - a potion of flight
Books
 c - a book of Changes

   Spells                             Type                      Level
   a - Beastly Appendage              Transmutation                1
   b - Sticks to Snakes               Transmutation                2
   c - Spider Form                    Transmutation/Poison         3
   d - Ice Form                       Ice/Transmutation            4
   e - Blade Hands                    Transmutation                5
Comestibles
 d - 4 bread rations
 k - a royal jelly
 m - a fruit
 n - 2 chunks of flesh


   Skills:
 - Level 0.8 Fighting
 - Level 1.5 Dodging
 * Level 6.4 Unarmed Combat
 - Level 2.1 Spellcasting
 + Level 4.1 Transmutations


You had 3 spell levels left.
You knew the following spells:

 Your Spells              Type           Power        Failure   Level  Hunger
a - Beastly Appendage     Tmut           ##....       4%          1    #......
b - Sticks to Snakes      Tmut           ##......     6%          2    ###....
c - Spider Form           Tmut/Pois      #.........   28%         3    ###....


Dungeon Overview and Level Annotations

Branches:
Dungeon (3/15)

Altars:
Elyvilon
Fedhas

Annotations:
D:3 Merlin's ghost, weakling DsFE


Innate Abilities, Weirdness & Mutations

You have extremely sharp teeth.
Your natural rate of healing is unusually fast.
When hurt, damage is shared between your health and your magic reserves.
Your bite disrupts and absorbs the magic of your enemies.
Potions cannot restore your health.
You are immune to rotting.


Message History

You claw Merlin's ghost, but do no damage.
Your bite misses Merlin's ghost.
You feel sick.
You closely miss Merlin's ghost. Your bite misses Merlin's ghost.
Merlin's ghost hits you!
You barely miss Merlin's ghost.
You claw Merlin's ghost, but do no damage.
Your bite misses Merlin's ghost. Merlin's ghost barely misses you.
You closely miss Merlin's ghost. Your bite misses Merlin's ghost.
Merlin's ghost points at you and mumbles some strange words.
The puff of flame hits you!
* * * LOW HITPOINT WARNING * * *
Merlin's ghost gestures at you while chanting.
The puff of flame hits you!
* * * LOW MAGIC WARNING * * *;
* * * LOW HITPOINT WARNING * * *
Your talons disappear.
You feel sick.
Merlin's ghost gestures at you while chanting.
The puff of flame hits you!
* * * LOW MAGIC WARNING * * *
You die...

#.# #. #.## ## #. #..
.####### ###. #.##
##........##
....#####..###W##...#K..#
#........##.#.#(...o...
#........#.###WK..#
#........@## ##.......(
###))###.## ##......#
#######..####.# .#....#
#<##.รท...)......#.#
.#.##.#
#.##.#####.)###.##.# .# #
# #.##.# #..# #.# .#
#.##.#####..# ## .#
............#
..##.######.#


You could see Merlin's ghost.

Vanquished Creatures
  Sigmund (D:2)
  A hound (D:3)
  Jessica (D:2)
  A worker ant (D:3)
  7 adders
  2 oozes
  A worm (D:2)
  2 dart slugs (D:1)
  2 leopard geckos
  5 orcs (D:3)
  4 bats
  6 giant cockroaches
  9 goblins
  9 hobgoblins
  2 jackals (D:1)
  10 kobolds
  A quokka (D:2)
  5 frilled lizards
  8 rats
77 creatures vanquished.

Vanquished Creatures (collateral kills)
  An adder (D:1)
  2 bats (D:2)
3 creatures vanquished.

Grand Total: 80 creatures vanquished

Notes
Turn   | Place    | Note
-------+----------+-------------------------------------------
     0 | D:1      | Monsterracer the Vine Stalker Transmuter began the quest for the Orb.
     0 | D:1      | Reached XP level 1. HP: 9/9 MP: 4/4
    95 | D:1      | Reached XP level 2. HP: 12/14 MP: 6/6
   148 | D:1      | Learned a level 2 spell: Sticks to Snakes
   255 | D:1      | Reached skill level 4 in Unarmed Combat
   379 | D:1      | Reached XP level 3. HP: 17/17 MP: 5/7
   384 | D:1      | Learned a level 3 spell: Spider Form
  1462 | D:2      | Gained mutation: Your natural rate of healing is unusually fast. [Vine Stalker growth]
  1462 | D:2      | Reached XP level 4. HP: 12/21 MP: 4/8
  1578 | D:2      | Noticed Jessica
  1584 | D:2      | Killed Jessica
  1702 | D:2      | Reached skill level 5 in Unarmed Combat
  1725 | D:2      | Noticed Sigmund
  1731 | D:2      | Killed Sigmund
  1731 | D:2      | Reached skill level 6 in Unarmed Combat
  1731 | D:2      | Reached XP level 5. HP: 24/25 MP: 5/9
  1731 | D:2      | Reached XP level 6. HP: 28/29 MP: 5/10
  2548 | D:3      | Found a blossoming altar of Fedhas.
  2773 | D:3      | Found a white marble altar of Elyvilon.
  3032 | D:3      | Noticed Merlin's ghost (weakling DsFE)
  3045 | D:3      | Killed from afar by Merlin's ghost

Skill      XL: |  1  2  3  4  5  6 |
---------------+-------------------+-----
Unarmed Combat | 4 6 |  6.4
Transmutations | 3 4 |  4.1
Fighting       | |  0.8
Dodging        | |  1.5
Spellcasting   | |  2.1

Action                   |  1- 3 |  4- 6 || total
-------------------------+-------+-------++-------
Melee: Unarmed           |    92 |   146 ||   238
       Bite              |    21 |    27 ||    48
       Kick              |     9 |     9 ||    18
       Headbutt          |     2 |     3 ||     5
       Punch             |     2 |     3 ||     5
 Cast: Beastly Appendage |    10 |     8 ||    18
       Sticks to Snakes  |     2 |     5 ||     7
       Spider Form       |       |     6 ||     6
  Use: Potion            |     3 |     1 ||     4
 Stab: Sleeping          |     1 |     2 ||     3
  Eat: Chunk             |     2 |     7 ||     9
Armor: Robe              |    10 |    14 ||    24
Dodge: Dodged            |    41 |    86 ||   127
